 Dungeon Crawl Stone Soup version 0.29.1-2-gbd0b4ee654 (webtiles) character file.

Game seed: 13413477666144970931

71 GorkyZ the Magician (level 4, -2/24 HPs)
             Began as a Gargoyle Air Elementalist on Nov 23, 2022.
             Slain by an orc priest
             ... wielding a +0 mace
              (5 damage)
             ... on level 3 of the Dungeon.
             The game lasted 00:10:52 (2089 turns).

GorkyZ the Magician (Gargoyle Air Elementalist)     Turns: 2089, Time: 00:10:52

Health: -2/24      AC:  7    Str: 11    XL:     4   Next: 24%
Magic:  7/8        EV: 12    Int: 18    God:
Gold:   688        SH:  0    Dex: 10    Spells: 8/9 levels left

rFire   . . .      SeeInvis .   c - staff of air
rCold   . . .      Faith    .   i - orb {light}
rNeg    + . .      Spirit   .   a - +0 robe
rPois   ∞          Reflect  .   n - +0 helmet
rElec   +          Harm     .   (no cloak)
rCorr   .          Rampage  .   r - +0 pair of gloves
Will    .....                   (no boots)
Stlth   +.........              p - amulet of regeneration
HPRegen 0.88/turn               (no ring)
MPRegen 0.11/turn               (no ring)

@: on berserk cooldown, glowing
A: sickness immunity, AC +3, negative energy resistance 1, electricity
resistance, torment resistance 1, petrification resistance
a: no special abilities


You were on level 3 of the Dungeon.
You visited 1 branch of the dungeon, and saw 3 of its levels.

You collected 688 gold pieces.

Inventory:

Missiles
 k - 4 atropa-tipped darts
Armour
 a - a +0 robe (worn)
 i - an orb of light (worn)
 n - a +0 helmet (worn)
 r - a +0 pair of gloves (worn)
Magical Staves
 c - a staff of air (weapon)
Jewellery
 p - an amulet of regeneration (around neck)
Scrolls
 e - 4 scrolls of fear
 m - a scroll of identify
Potions
 b - 3 potions of magic
 g - a potion of lignification
 j - a potion of degeneration


   Skills:
 - Level 1.0 Armour
 - Level 1.8 Dodging
 - Level 2.1 Stealth
 + Level 3.2 Spellcasting
 - Level 1.5 Conjurations
 - Level 2.5 Air Magic
 - Level 0.9 Poison Magic


You had 8 spell levels left.
You knew the following spells:

 Your Spells              Type           Power      Damage    Failure   Level
a - Shock                 Conj/Air       60%        1d6       7%          1

Your spell library contained the following spells:

 Spells                   Type           Power      Damage    Failure   Level
 Magic Dart               Conj           32%        1d4       9%          1
 Static Discharge         Conj/Air       15%        3-5/arc   11%         2
 Searing Ray              Conj           16%        2d5       13%         2
 Beastly Appendage        Tmut           4%         N/A       16%         1
 Slow                     Hex            8%         N/A       16%         1
 Swiftness                Air            18%        N/A       17%         3
 Wereblood                Tmut           2%         N/A       24%         2
 Spider Form              Tmut/Pois      4%         N/A       36%         3
 Confusing Touch          Hex            2%         N/A       43%         3
 Vampiric Draining        Necr           2%         2d6       43%         3
 Airstrike                Air            9%         2d(2-18)  50%         4
 Fulminant Prism          Conj/Hex       2%         3d6       75%         4


Dungeon Overview and Level Annotations

Branches:
Dungeon (3/15)

Altars:


Innate Abilities, Weirdness & Mutations

You are immune to sickness and miasma.
Your stone body is resilient. (AC +3)
You are immune to poison.
You resist negative energy. (rN+)
You are resistant to electric shocks. (rElec)
You are resistant to unholy torment.
You are immune to petrification.


Message History

You hit the orc!
You kill the orc!
You hit the ball python!
You kill the ball python!
The orc priest calls down the wrath of Beogh upon you.
You barely resist.
You are no longer berserk.
You are exhausted.
You feel yourself slow down.
The orc priest casts a cantrip, but nothing happens.
Things that are here:
a +0 dagger; a +0 mace; an orc corpse You hit the orc priest but do no damage.
The orc priest closely misses you. The orc priest hits you with a +0 mace.
* * * LOW HITPOINT WARNING * * *
You hit the orc priest but do no damage.
The orc priest closely misses you.
You are too injured to fight recklessly!
Aiming: Shock (safe; 7% risk of failure)
Press: ? - help, Q - select action, (/) - cycle Shift-Dir - straight line, f/p - orc
Aim: an orc, wielding a +0 club and wearing a +0 chain mail (moderately wounded, haloed, 86% to hit)
You feel a surge of power!
The zap hits the orc priest.
The orc priest is moderately wounded.
The zap hits the orc.
The orc is severely wounded.
The zap hits the orc.
The orc is severely wounded.
The orc priest closely misses you. The orc priest hits you with a +0 mace.
* * * LOW HITPOINT WARNING * * *
Your magical effects are unravelling.
You feel magically purged.
You feel yourself speed up. The orc priest hits you with a +0 mace.
* * * LOW HITPOINT WARNING * * *
You hit the orc priest but do no damage.
The orc priest is moderately wounded.
The orc priest barely misses you. x2
The orc priest attacks as you move away!
The orc priest hits you with a +0 mace.
You die...

#.###.##.......
#.# #.#########
#.# ### # #.# #
#.# # #.# # # .
#.# ... .
....######.#.....
.
...)ooo@).........
..
....######.#.####.
#. # #.#.# #. #.#
# #. #.# #. #.# #.
#.# #. .# #. ##


You could see an orc priest and 2 orcs.

Vanquished Creatures
  An adder (D:2)
  5 orcs (D:3)
  6 ball pythons
  3 bats
  4 endoplasms
  A giant cockroach (D:2)
  11 goblins
  5 hobgoblins
  2 jackals (D:1)
  4 kobolds
  A quokka (D:1)
  2 frilled lizards
  3 rats
48 creatures vanquished.

Notes
Turn   | Place    | Note
-------+----------+-------------------------------------------
     0 | D:1      | GorkyZ the Gargoyle Air Elementalist began the quest for
                  | the Orb.
     0 | D:1      | Reached XP level 1. HP: 10/10 MP: 3/3
   258 | D:1      | Reached XP level 2. HP: 15/15 MP: 1/5
   775 | D:1      | Reached skill level 1 in Armour
   840 | D:1      | Reached XP level 3. HP: 18/19 MP: 2/6
  1809 | D:2      | Reached skill level 3 in Spellcasting
  1809 | D:2      | Reached XP level 4. HP: 24/24 MP: 3/8
  1995 | D:3      | Identified a scroll of acquirement
  1995 | D:3      | Acquired 623 gold pieces
  2087 | D:3      | HP: 1/24 [orc priest/+0 mace (4)]
  2089 | D:3      | Slain by an orc priest

Illustrated notes

Levels and vault maps discovered:
D:1:      denvon_arrival_planthouse, layout_rooms, chequers_avenue,
          minmay_misc_feat_cross
D:2:      layout_basic, nicolae_kite_square_tiling_tiny, minmay_strange_pillars,
          reono_crystal_passage, serial_park_tiny_2
D:3:      layout_basic, marbit_many_paths

Skill      XL: |  1  2  3 |
---------------+----------+-----
Armour         | 1 |  1.0
Spellcasting   | 3 |  3.2
Dodging        | |  1.8
Stealth        | |  2.1
Conjurations   | |  1.5
Air Magic      | |  2.5
Poison Magic   | |  0.9

Action                   |  1- 3 |  4- 6 || total
-------------------------+-------+-------++-------
Melee: Staff             |    49 |    17 ||    66
 Cast: Shock             |    46 |     3 ||    49
  Use: Scroll            |       |     9 ||     9
       Potion            |       |     2 ||     2
Armor: Robe              |    27 |     3 ||    30
Dodge: Dodged            |    67 |    17 ||    84
